 Dungeon Crawl Stone Soup version 0.27.0-1-g7a089689b8 (webtiles) character file.

Game seed: 8500156640980848213

12 sanka the Conjurer (level 2, 0/20 HPs)
             Began as a Ghoul Conjurer on Aug 8, 2021.
             Slain by a jackal (1 damage)
             ... on level 1 of the Dungeon.
             The game lasted 00:00:37 (621 turns).

sanka the Conjurer (Ghoul Conjurer)                  Turns: 621, Time: 00:00:38

Health: 0/20       AC:  2    Str: 10    XL:     2   Next: 33%
Magic:  1/4        EV: 11    Int: 13    God:
Gold:   18         SH:  0    Dex:  7    Spells: 4/5 levels left

rFire    . . .     SeeInvis .   (no weapon)
rCold    + . .     Faith    .   (no shield)
rNeg     + + +     Spirit   .   a - +0 robe
rPois    ∞         Reflect  .   (no helmet)
rElec    .         Harm     .   (no cloak)
rCorr    .         Rampage  .   (no gloves)
Will     .....                  (no boots)
Stlth    ++........             (no amulet)
HPRegen  0.00/turn              (no ring)
MPRegen  0.09/turn              (no ring)

@: inhibited regen
A: claws 1, cold resistance 1, negative energy resistance 3, inhibited
regeneration, torment resistance 2
a: no special abilities


You were on level 1 of the Dungeon.
You visited 1 branch of the dungeon, and saw 1 of its levels.

You collected 18 gold pieces.


Innate Abilities, Weirdness & Mutations

You thrive by killing the living.
You are immune to poison.
You have sharp fingernails.
Your flesh is cold resistant. (rC+)
You are immune to negative energy. (rN+++)
You do not regenerate when monsters are visible.
You are immune to unholy pain and torment.


   Skills:
 - Level 1.7 Dodging
 - Level 2.1 Stealth
 - Level 2.0 Spellcasting
 + Level 3.6 Conjurations


You had 4 spell levels left.
You knew the following spells:

 Your Spells              Type           Power      Damage    Failure   Level
z - Magic Dart            Conj           40%        1d5       5%          1

Your spell library contained the following spells:

 Spells                   Type           Power      Damage    Failure   Level
 Searing Ray              Conj           20%        3d3       9%          2
 Dazzling Flash           Conj/Hex       12%        N/A       34%         3
 Corpse Rot               Necr/Air       N/A        N/A       36%         2
 Fulminant Prism          Conj/Hex       3%         3d6       75%         4
 Iskenderun's Mystic Bla  Conj/Tloc      6%         2d4       75%         4
 Dispel Undead            Necr           1%         3d6       94%         4
 Death Channel            Necr           0%         N/A       100%        6

Inventory:

Armour
 a - a +0 robe (worn)
Scrolls
 b - 2 scrolls of enchant weapon {unknown}
 c - a scroll of identify {unknown}
 d - a scroll of enchant armour {unknown}

Dungeon Overview and Level Annotations

Branches:
Dungeon (1/15)

Altars:

▒▒ . ▒. ▒▒ †▒▒▒ .▒. ..▒
▒.▒. ▒h▒ ▒.▒. ▒.▒ ▒ ..▒.
▒.▒▒▒▒▒.▒▒▒▒.▒▒..▒ ▒.▒.
▒.......hhn..▒▒..▒ ▒.▒▒
▒▒▒▒▒▒▒.▒▒▒▒▒▒▒..▒▒▒▒▒▒▒...
▒.▒ ▒..........▒. ▒.▒
▒..▒▒▒▒....▒ ▒.▒ ▒..▒
▒.▒▒.▒ ▒.▒▒▒▒▒▒▒..▒▒▒▒.▒▒.▒
▒...............▒▒.▒
▒▒▒▒▒▒▒▒▒..▒▒▒▒▒▒▒[▒
▒..▒▒▒▒▒▒▒.▒▒


You could see 2 jackals.


Message History

Unknown command.
Unknown command.
You barely miss the jackal.
The jackal is almost dead.
The jackal closely misses you.
You closely miss the jackal.
The jackal is almost dead.
The jackal bites you.
* * * LOW HITPOINT WARNING * * *
The jackal closely misses you.
The jackal bites you but does no damage.
The magic dart hits the jackal but does no damage.
The jackal is almost dead.
The jackal bites you.
* * * LOW HITPOINT WARNING * * *
You scratch the jackal.
You kill the jackal!
The jackal bites you but does no damage.
You closely miss the jackal.
The jackal is almost dead.
The jackal closely misses you.
You scratch the jackal but do no damage.
The jackal is almost dead.
The jackal bites you but does no damage.
You closely miss the jackal.
The jackal is almost dead.
The jackal bites you.
* * * LOW HITPOINT WARNING * * *
The jackal bites you.
You die...

Action                   || total
-------------------------++-------
Melee: Unarmed           ||    28
 Cast: Magic Dart        ||    15
Armor: Robe              ||     3
Dodge: Dodged            ||    14

Levels and vault maps discovered:
D:1:      matt_arrival_spirals, layout_loops_ring, due_unseen_surprise

Notes
Turn   | Place    | Note
-------+----------+-------------------------------------------
     0 | D:1      | sanka the Ghoul Conjurer began the quest for the Orb.
     0 | D:1      | Reached XP level 1. HP: 14/14 MP: 2/2
   303 | D:1      | Reached skill level 2 in Spellcasting
   303 | D:1      | Reached XP level 2. HP: 20/20 MP: 0/4
   621 | D:1      | HP: 1/20 [jackal (3)]
   621 | D:1      | Slain by a jackal

Vanquished Creatures
  2 dart slugs (D:1)
  An endoplasm (D:1)
  A goblin (D:1)
  A hobgoblin (D:1)
  A jackal (D:1)
  A ball python (D:1)
  A frilled lizard (D:1)
8 creatures vanquished.
